Match 47382009
Unlisted

Match 47382009
End
Kradschützen Motorcycle Team
Selects Panzerjäger Kommand Battlegroup
Selects Blockade Equipment
Panzergrenadier Squad
250 Light Carrier
Construct Light Support Kompanie
Combat Half-tracks
250 Light Carrier
Panzergrenadier Squad
Panzerjäger Mechanized Group
Construct Mechanized Kompanie
2.5-tonne Medical Truck
254 Reconnaissance Tractor
Selects Tank Busters
Mr.Faraam
YuruMusubi
찐ENDEX
Lord Ludwig
Jm200092
Sponge Bob
风峣
rune41
0
0

Comments sign in to comment!

No comments posted yet!